 Dungeon Crawl Stone Soup version 0.23.0-2-g0fe3ce5905 (webtiles) character file.

Game seed: 7311633727146490569

48 Kass the Grave Robber (level 3, -1/16 HPs)
             Began as a Vine Stalker Necromancer on Feb 20, 2019.
             Hit by a goblin thrown by Robin (2 damage)
             ... on level 2 of the Dungeon.
             The game lasted 00:04:53 (1849 turns).

Kass the Grave Robber (Vine Stalker Necromancer)    Turns: 1849, Time: 00:04:54

Health: -1/16      AC:  2    Str: 10    XL:     3   Next: 72%
Magic:  0/7        EV: 12    Int: 16    God:
Gold:   83         SH:  0    Dex: 14    Spells: 4/6 levels left

rFire    . . .     SeeInvis .   g - +2 short sword (venom)
rCold    . . .     Gourm    .   (no shield)
rNeg     . . .     Faith    .   a - +0 robe
rPois    .         Spirit   +   (no helmet)
rElec    .         Reflect  .   (no cloak)
rCorr    .         Harm     .   (no gloves)
MR       .....                  (no boots)
Stlth    ++........             (no amulet)
HPRegen  0.05/turn              (no ring)
MPRegen  0.10/turn              (no ring)

@: very slightly contaminated
A: fangs 2, magic shield, antimagic bite, no potion heal 3, rot immunity
a: no special abilities


You were on level 2 of the Dungeon.
You were not hungry.

You visited 1 branch of the dungeon, and saw 2 of its levels.

You collected 83 gold pieces.

Inventory:

Hand Weapons
 g - a +2 short sword of venom (weapon)
Armour
 a - a +0 robe (worn)
Scrolls
 d - 2 scrolls of teleportation {unknown}
 f - a scroll of amnesia {unknown}
 i - 2 scrolls of remove curse {unknown}
Potions
 e - a potion of flight {unknown}
 h - a potion of lignification {unknown}
Comestibles
 b - 3 chunks of flesh
 c - 3 rations


   Skills:
 - Level 1.5 Dodging
 - Level 2.4 Stealth
 - Level 2.1 Spellcasting
 + Level 5.3 Necromancy


You had 4 spell levels left.
You knew the following spells:

 Your Spells              Type           Power        Failure   Level  Hunger
a - Pain                  Necr           ###.         2%          1    #......
b - Animate Skeleton      Necr           N/A          2%          1    #......

Your spell library contained the following spells:

 Spells                   Type           Power        Failure   Level  Hunger
 Vampiric Draining        Necr           ###.......   7%          3    ###....
 Regeneration             Chrm/Necr      ##........   21%         3    ###....
 Animate Dead             Necr           N/A          22%         4    #####..


Dungeon Overview and Level Annotations

Branches:
Dungeon (2/15)

Altars:

Annotations:
D:2 Robin


Innate Abilities, Weirdness & Mutations

You have extremely sharp teeth.
When hurt, damage is shared between your health and your magic reserves.
Your bite disrupts and absorbs the magic of your enemies.
Potions cannot restore your health.
You are immune to rotting.


Message History

* * * LOW HITPOINT WARNING * * *
Robin roars a battlecry!
The goblins go into a battle-frenzy!
Your hobgoblin skeleton hits the goblin with a +0 club.
The goblin dies!
The goblin no longer looks unusually strong.
Robin throws the goblin at you!
* * * LOW HITPOINT WARNING * * *
The goblin hits you but does no damage.
You miss the goblin. The goblin closely misses you.
The goblin hits your hobgoblin skeleton with a +0 dagger.
The dart slug bites your hobgoblin skeleton.
The goblin hits you but does no damage.
The goblin hits your hobgoblin skeleton with a +0 dagger.
Your hobgoblin skeleton is destroyed!
Robin roars a battlecry!
The goblin goes into a battle-frenzy!
The goblin barely misses you. Robin throws the goblin at you!
You die...

. ..# ........# ##. #.#
.......# # #.. #.# #.....#
#.#.# #.####### .....#####
#.#.###.......# ###.......#
#.............###.......#.##
###Z###.......##gg....#.....
####Z#
#...g..gr.)wg.#..gg..g
#....#
#...<@g.##g...#)##gg..
#.####
#.......###.....###.## #.#
#.......# #.#.......# #Z#
######### #.######### #.#
#[# #.# #.# #.####
###########.# #....#
#..<........# ####.#
#.#.##.######


You could see Robin, a dart slug, 2 hobgoblins, 3 goblins and a rat.

Vanquished Creatures
  A gnoll (D:1)
  2 dart slugs (D:1)
  A leopard gecko (D:1)
  A bat (D:1)
  4 giant cockroaches
  6 goblins
  5 hobgoblins
  4 kobolds (D:1)
  A frilled lizard (D:1)
  3 rats
28 creatures vanquished.

Vanquished Creatures (collateral kills)
  3 goblins (D:2)
3 creatures vanquished.

Grand Total: 31 creatures vanquished

Notes
Turn   | Place    | Note
-------+----------+-------------------------------------------
     0 | D:1      | Kass the Vine Stalker Necromancer began the quest for the
                  | Orb.
     0 | D:1      | Reached XP level 1. HP: 9/9 MP: 4/4
     2 | D:1      | Learned a level 1 spell: Animate Skeleton
   346 | D:1      | Reached XP level 2. HP: 12/13 MP: 3/6
   887 | D:1      | Reached XP level 3. HP: 15/16 MP: 5/7
   942 | D:1      | Reached skill level 5 in Necromancy
  1824 | D:2      | Noticed Robin
  1849 | D:2      | Hit by a goblin thrown by Robin

Skill      XL: |  1  2  3 |
---------------+----------+-----
Necromancy     | 5 |  5.3
Dodging        | |  1.5
Stealth        | |  2.4
Spellcasting   | |  2.1

Action                   || total
-------------------------++-------
Melee: Unarmed           ||     4
       Short sword       ||    18
       Bite              ||     7
 Cast: Pain              ||    43
       Animate Skeleton  ||    12
 Stab: Sleeping          ||     2
  Eat: Chunk             ||     4
Armor: Robe              ||     5
Dodge: Dodged            ||    23
